 Dungeon Crawl Stone Soup version 0.18-a0-1273-g8ec5f8e (webtiles) character file.

150 truemonolith the Insei (level 5, 0/45 HPs)
             Began as a Draconian Monk on Feb 7, 2016.
             Slain by an orc
             ... wielding a +0 trident
              (6 damage)
             ... on level 4 of the Dungeon.
             The game lasted 00:05:46 (3320 turns).

truemonolith the Insei (Draconian Monk)             Turns: 3320, Time: 00:05:47

Health: 0/45       AC:  6    Str: 13    XL:     5   Next: 10%
Magic:  5/5        EV:  8    Int: 11    God:
Gold:   198        SH:  0    Dex: 14    Spells: 0 memorised, 4 levels left

rFire  . . .     SeeInvis .       - Unarmed
rCold  . . .     Gourm    .     (armour unavailable)
rNeg   . . .     Faith    .     (no shield)
rPois  .         Spirit   .     (helmet restricted)
rElec  .         Dismiss  .     k - +0 cloak
rCorr  .         Reflect  .     (no gloves)
SustAt .         Harm     .     (no boots)
MR     .....                    (no amulet)
Stlth  ++........               (no ring)
                                (no ring)

@: not resistant to hostile enchantments, unstealthy
A: unfitting armour, cold-blooded, AC +5
a: no special abilities


You were on level 4 of the Dungeon.
You were not hungry.

You visited 1 branch of the dungeon, and saw 4 of its levels.

You collected 198 gold pieces.

Inventory:

Armour
 k - a +0 cloak (worn)
Jewellery
 e - an uncursed ring of protection from fire {unknown}
 h - an uncursed ring of stealth {unknown}
 r - an uncursed ring of positive energy {unknown}
Wands
 q - a wand of flame (22/48)
 u - a wand of random effects (37/48)
Scrolls
 b - 3 scrolls of teleportation {unknown}
 c - 5 scrolls of identify {unknown}
 f - 2 scrolls of remove curse {unknown}
 n - a scroll of magic mapping {unknown}
 p - 2 scrolls of fog {unknown}
 s - 2 scrolls of recharging {unknown}
Potions
 a - 2 potions of lignification {unknown}
 j - a potion of haste {unknown}
 l - a potion of flight {unknown}
 m - a potion of heal wounds {unknown}
 o - 2 potions of brilliance {unknown}
 v - a potion of invisibility {unknown}
Comestibles
 d - a slice of pizza
 g - 2 meat rations
 i - a beef jerky
 t - 2 bread rations


   Skills:
 - Level 3.2 Fighting
 - Level 2.6 Dodging
 - Level 1.7 Stealth
 + Level 6.4 Unarmed Combat


You had 4 spell levels left.
You didn't know any spells.

Dungeon Overview and Level Annotations

Branches:
Dungeon (4/15)
 Temple: D:4-7

Altars:
Gozag


Innate Abilities, Weirdness & Mutations

Your plain brown scales are hard (AC +5).
Your body does not fit into most forms of armour.
You are cold-blooded and may be slowed by cold attacks.


Message History

You hit the orc priest but do no damage.
The orc priest mumbles some strange prayers to Beogh against you.
Something smites you! The ooze barely misses you.
The orc hits you with a trident. The orc barely misses you.
You hit the orc priest but do no damage.
The orc priest hits you with a dagger.
* * * LOW HITPOINT WARNING * * *
The ooze barely misses you. The orc misses you. The orc hits you with a dagger.
* * * LOW HITPOINT WARNING * * *
You hit the orc priest but do no damage.
The orc priest hits you with a dagger.
* * * LOW HITPOINT WARNING * * *
The ooze misses you. The orc closely misses you. x2
Found an escape hatch in the ceiling.
Found a scroll labeled GULLAF HISHUGOJOLL and 3 scrolls labeled LYRYSSESTO.
The orc misses you.
There is an escape hatch in the ceiling here.
The orc hits you from afar with a trident.
You die...

#### #?.# #####..######
.# ## #...@........ .....
#. ###.###o.##### .....
l......###.o###### ....#
.#.###........?....
###.##.........##o.######
# #.....#.......#..#
###..#.# #.#..#.#..#
......# ##.#.#.#..#
###>.#.###.#..#.#..#


You could see an orc priest and 2 orcs.

Vanquished Creatures
  A hound skeleton (D:3)
  Robin (D:3)
  3 adders
  3 worms (D:3)
  2 giant geckos (D:4)
  6 orcs
  11 bats
  5 giant cockroaches
  12 goblins
  6 hobgoblins
  8 jackals (D:3)
  A ball python (D:2)
  2 giant newts
  12 kobolds
  6 rats
79 creatures vanquished.

Notes
Turn   | Place    | Note
--------------------------------------------------------------
     0 | D:1      | truemonolith the Draconian Monk began the quest for the Orb.
     0 | D:1      | Reached XP level 1. HP: 19/19 MP: 1/1
   368 | D:1      | You fall through a shaft!
   433 | D:2      | Reached XP level 2. HP: 19/26 MP: 2/2
   925 | D:2      | Reached skill level 5 in Unarmed Combat
   930 | D:2      | Reached XP level 3. HP: 21/31 MP: 3/3
  1706 | D:2      | Found an opulent altar of Gozag.
  2034 | D:3      | Reached XP level 4. HP: 26/38 MP: 4/4
  2743 | D:3      | Reached skill level 6 in Unarmed Combat
  2821 | D:3      | Noticed Robin
  2848 | D:3      | Killed Robin
  2851 | D:3      | Reached XP level 5. HP: 37/45 MP: 5/5
  3320 | D:4      | Slain by an orc

Vault maps used:
D:1:      lemuel_arrival_lava_pool
D:2:      lemuel_coloured_pillars_altar
D:3:      first_bread, uniq_robin
D:4:      minmay_opposing_rooms, uniq_grinder

Action                   |  1- 3 |  4- 6 || total
-------------------------+-------+-------++-------
Melee: Unarmed           |   146 |   102 ||   248
 Stab: Sleeping          |     6 |     1 ||     7
  Eat: Bread ration      |     1 |       ||     1
       Meat ration       |       |     1 ||     1
